 Dungeon Crawl Stone Soup version 0.31.0-1-g2c135a0 (webtiles) character file.

Game seed: 17708141911444917255

1607844 ww7 the Rhythm of Life and Death (level 26, 206/206 HPs)
             Began as a Hill Orc Enchanter on Apr 11, 2024.
             Was a Follower of Uskayaw.
             Escaped with the Orb
             ... and 3 runes on Apr 12, 2024!
             The game lasted 04:45:38 (72288 turns).

ww7 the Rhythm of Life and Death (HOEn)            Turns: 72288, Time: 04:45:39

Health: 206/206    AC: 19    Str: 14    XL:     26   Next: 92%
Magic:  40/40      EV: 24    Int: 21    God:    Uskayaw [*.....]
Gold:   1916       SH: 20    Dex: 21    Spells: 4/36 levels left

rFire   + . .        n - +8 arc blade {discharge, rElec}
rCold   + . .        a - +5 kite shield {AC+3}
rNeg    + + .        o - +3 troll leather armour
rPois   +            m - +2 helmet {Int+3}
rElec   +            R - +0 cloak of the Vacuum {Will++ rCorr}
rCorr   +            O - +2 pair of gloves
SInv    .            H - +2 pair of slick slippers {slick, slippery, EV+4}
Will    ++++.        b - amulet "Jyhuivvu" {Faith ^Drain rPois rN++ Int+2}
Stlth   +++          X - ring of Naydyci {Wiz rC+ Will+}
HPRegen 1.34/turn    v - ring of protection from fire
MPRegen 0.27/turn

%: random rage (3%), faith, wizardry (x1)
@: no status effects
A: agile 1, berserk 1, deformed body, deterioration 1, screaming 1, shaggy fur
1, MP-powered wands
0: Orb of Zot
}: 3/15 runes: decaying, serpentine, silver
a: Renounce Religion, Stomp


You escaped.
You worshipped Uskayaw.
Uskayaw was exalted by your worship.
You visited 9 branches of the dungeon, and saw 45 of its levels.
You also visited: Bailey and Ice Cave.

You collected 9170 gold pieces.
You spent 7254 gold pieces at shops.

Inventory:

Hand Weapons
 n - the +8 arc blade (weapon) {discharge, rElec}
   (You found it on level 2 of the Swamp)

   rElec:     It insulates you from electricity.
 z - the +8 short sword of Dust {spect, Dex+5}
   (You found it on level 1 of the Lair of Beasts)

   Dex+5:     It affects your dexterity (+5).
Missiles
 f - 6 javelins
 I - 5 curare-tipped darts (quivered)
 L - 2 throwing nets {!f}
Armour
 a - a +5 kite shield of protection (worn)
 m - a +2 helmet of intelligence (worn)
 o - a +3 troll leather armour (worn)
 H - the +2 pair of slick slippers (worn) {slick, slippery, EV+4}
   (You found it on level 5 of the Vaults)

   Slick:     Its wearer cannot be constricted, engulfed, netted or webbed.
   Slippery:  Its wearer slips away from damaging melee attacks, pulling the
   attacker onward.
   EV+4:      It affects your evasion (+4).
 O - a +2 pair of gloves (worn)
 R - the +0 cloak of the Vacuum (worn) {Will++ rCorr}
   (You acquired it on level 4 of the Snake Pit)

   Will++:    It greatly increases your willpower.
   rCorr:     It protects you from acid and corrosion.
Jewellery
 b - the amulet "Jyhuivvu" (around neck) {Faith ^Drain rPois rN++ Int+2}
   (You found it in an ice cave)

   [amulet of faith]

   Faith:     It allows you to gain divine favour quickly.
   Int+2:     It affects your intelligence (+2).
   rPois:     It protects you from poison rN++: It greatly protects you from
   negative energy.
   ^Drain:    It drains your maximum health when unequipped.
 i - the ring of Joogegh {Fire rPois}
   (You took it off a vampire mage on level 3 of the Depths)

   [ring of fire]

   Fire:      It enhances your fire magic.
   rF+:       It protects you from fire.
   rC-:       It makes you vulnerable to cold.
   rPois:     It protects you from poison
 v - a ring of protection from fire (right hand)
 y - an amulet of magic regeneration
 X - the ring of Naydyci (left hand) {Wiz rC+ Will+}
   (You bought it in a shop on level 3 of the Dungeon)

   [ring of wizardry]

   Wiz:       It improves your spell success rate.
   rC+:       It protects you from cold.
   Will+:     It increases your willpower.
Wands
 u - a wand of paralysis (56)
 D - a wand of quicksilver (6)
 F - a wand of mindburst (29)
 J - a wand of polymorph (8)
 S - a wand of digging (6)
 V - a wand of iceblast (23)
Scrolls
 d - 10 scrolls of amnesia
 e - a scroll of silence
 g - 23 scrolls of identify
 j - 11 scrolls of teleportation
 l - 4 scrolls of revelation {!r}
 w - 8 scrolls of fog
 A - 4 scrolls of immolation
 C - a scroll of torment
 G - 6 scrolls of poison
 M - 3 scrolls of fear
 N - 9 scrolls of vulnerability
 W - a scroll of blinking
Potions
 c - 5 potions of invisibility
 h - 4 potions of lignification
 p - 5 potions of mutation
 q - 16 potions of curing
 s - 2 potions of might
 t - a potion of magic
 x - 5 potions of attraction
 B - 9 potions of heal wounds {!q}
 E - 5 potions of brilliance
 K - a potion of haste
 P - 5 potions of cancellation
 T - 3 potions of resistance
 U - 5 potions of enlightenment
Miscellaneous
 k - a condenser vane
 r - a phial of floods
 Q - a lightning rod (3/4)
 Y - a box of beasts


   Skills:
 - Level 11.3 Fighting
 - Level 14.0 Short Blades
 - Level 3.9 Throwing
 - Level 6.0 Armour
 - Level 12.3 Dodging
 + Level 19.8 Stealth
 * Level 16.5 Shields
 - Level 5.5 Spellcasting
 - Level 19.2 Hexes
 - Level 7.5 Summonings
 - Level 7.8 Ice Magic
 * Level 15.6 Earth Magic
 - Level 3.2 Alchemy
 O Level 27 Invocations
 - Level 5.0 Evocations


You had 4 spell levels left.
You knew the following spells:

 Your Spells              Type           Power      Damage    Failure   Level
a - Ensorcelled Hibernat  Hex/Ice        100%       N/A       1%          2
b - Confusing Touch       Hex            72%        N/A       0%          3
c - Summon Mana Viper     Hex/Summ       58%        N/A       1%          5
d - Ozocubu's Armour      Ice            38%        N/A       1%          3
e - Enfeeble              Hex            36%        N/A       2%          7
f - Lee's Rapid Deconstr  Erth           32%        3d16*     1%          5
t - Yara's Violent Unrav  Hex/Alch       26%        3d11      2%          5
B - Blink                 Tloc           10%        N/A       13%         2

Your spell library contained the following spells:

 Spells                   Type           Power      Damage    Failure   Level
 Jinxbite                 Hex            100%       N/A       0%          2
 Sigil of Binding         Hex            72%        N/A       0%          3
 Tukima's Dance           Hex            72%        N/A       0%          3
 Call Imp                 Summ           74%        N/A       1%          2
 Call Canine Familiar     Summ           37%        N/A       1%          3
 Dazzling Flash           Conj/Hex       92%        N/A       1%          3
 Frozen Ramparts          Ice            76%        1d12      1%          3
 Inner Flame              Hex/Fire       46%        N/A       1%          3
 Summon Ice Beast         Ice/Summ       38%        N/A       1%          3
 Anguish                  Hex/Necr       23%        N/A       1%          4
 Dimensional Bullseye     Hex/Tloc       23%        N/A       1%          4
 Leda's Liquefaction      Alch/Erth      22%        N/A       1%          4
 Petrify                  Alch/Erth      45%        N/A       1%          4
 Hailstorm                Conj/Ice       22%        3d7       5%          3
 Mercury Vapours          Alch/Air       24%        N/A       7%          2
 Kiss of Death            Conj/Necr      20%        2d7       9%          1
 Magic Dart               Conj           20%        1d4       9%          1
 Cigotuvi's Dreadful Rot  Necr/Alch/Air  20%        N/A       9%          2
 Scorch                   Fire           10%        2d5       13%         2
 Mephitic Cloud           Conj/Alch/Air  10%        N/A       16%         3
 Martyr's Knell           Necr/Summ      21%        N/A       17%         4
 Fugue of the Fallen      Necr           5%         N/A       26%         3
 Volatile Blastmotes      Fire/Tloc      10%        2d10      26%         3
 Ignite Poison            Fire/Alch      12%        N/A       38%         4
 Animate Dead             Necr           5%         N/A       61%         4
 Dispel Undead            Necr           5%         3d7       61%         4
 Manifold Assault         Tloc           5%         N/A       61%         4
 Vhi's Electric Charge    Tloc/Air       10%        N/A       61%         4
 Metabolic Englaciation   Hex/Ice        29%        N/A       1%          5
 Freezing Cloud           Conj/Ice/Air   8%         6-21      58%         5
 Sculpt Simulacrum        Ice/Alch       14%        N/A       75%         6
 Arcjolt                  Conj/Air       2%         1d12      90%         5
 Fireball                 Conj/Fire      2%         3d4       90%         5
 Ozocubu's Refrigeration  Ice            19%        4d11      93%         7
 Monstrous Menagerie      Summ           18%        N/A       95%         7
 Death Channel            Necr           2%         N/A       100%        6
 Plasma Beam              Fire/Air       2%         2x1d12    100%        6
 Borgnjor's Revivificati  Necr           2%         N/A       100%        8
 Ignition                 Fire           2%         3d3       100%        8
 Maxwell's Capacitive Co  Air            2%         ∞         100%        8
 Death's Door             Necr           2%         N/A       100%        9
 Polar Vortex             Ice            19%        12d2*     100%        9


Dungeon Overview and Level Annotations

Branches:
Dungeon (15/15)            Temple (1/1) D:7            Lair (5/5) D:9
  Swamp (4/4) Lair:2        Snake (4/4) Lair:3        Slime (0/5) Lair:4
    Orc (2/2) D:11            Elf (0/3) Orc:2        Vaults (5/5) D:14
  Crypt (0/3) Vaults:2     Depths (4/4) D:15            Zot (5/5) Depths:4
 Bailey (visited)           IceCv (visited)

Altars:
Ashenzari
Cheibriados
Dithmenos
Elyvilon
Fedhas
Gozag
Hepliaklqana
Kikubaaqudgha
Makhleb
Nemelex Xobeh
Okawaru
Qazlal
Ru
Sif Muna
Trog
Uskayaw
Vehumet
Wu Jian
Xom
Yredelemnul
Zin
The Shining One

Shops:
D:3 =   D:5 ?!   D:11 (   Orc:2 **!?(:   Snake:4 !   Vaults:1 (   Vaults:3 [
Depths:1 :

Portals:
Hell: Depths:1 Depths:2 Depths:3 Depths:4
Abyss: Depths:1 Depths:3
Pandemonium: Depths:2
Ziggurat: Depths:2

Annotations:
D:5 2 transporters, ElricMelnibone's ghost, novice HOCK
D:11 3 runed translucent doors, exclusion: player ghost, Radamante's ghost, journeyman MiFi
Lair:1 1 runed translucent door, Biscolet's ghost, journeyman FoHu
Lair:3 exclusion: oklob plant
Zot:1 1 transporter


Innate Abilities, Weirdness & Mutations

You are agile. (Dex +4, Str/Int -1)
You sometimes lose your temper in combat.
Armour fits poorly on your strangely shaped body.
Your body sometimes deteriorates upon taking damage.
You occasionally shout uncontrollably at your foes.
You are covered in fur. (AC +1)
You expend magic power (3 MP) to strengthen your wands.


Message History

A Bymonaw, a green death and an Ice Fiend come into view. 현재 남은 마력은 [33/40] 입니다.
Blink to where?
Press: ? - help, Dir - move target
As you read the scroll of blinking, it crumbles to dust.
Bymonaw moves out of view.
The green death moves out of view.
The Ice Fiend moves out of view.
There is a stone staircase leading up here.
You climb upwards.
There is a stone staircase leading down here.
An Ice Fiend comes into view. 3의 마력을 얻었습니다. 현재 마력은 [37/40] 입니다.
Okay, then.
Unknown command.
You feel yourself speed up. 마력이 전부 회복되었습니다. (40)
There is an escape hatch in the ceiling here.
A mysterious force pulls you upwards. The hatch slams shut behind you.
Your extra speed is starting to run out.
There is an open door here.
The elf shouts!
You feel yourself slow down.
The armataur shouts!
The minotaur bellows!
The formicid shouts!
The tengu shouts!
The demonspawn shouts!
The draconian roars!
The demigod shouts!
A sun demon comes into view.
The troll shouts!
The kobold shouts!
The oni shouts!
The gnoll shouts!
The sun demon attacks as it pursues you!
The sun demon closely misses you.
There is an open door here.
The sun demon attacks as it pursues you!
You block the sun demon's attack.
There is a staircase leading out of the dungeon here.
You block the sun demon's attack. x2
You have escaped!

###.###
##
#K#.#T#
###.###
#O#.#g#
###.###
#F#.#o#
###'###
#.3.#
#.@.#
#####


You could see a sun demon.

Vanquished Creatures
  A pandemonium lord (Depths:3)
  3 dread liches
  An ancient lich (Zot:5)
  2 orbs of fire (Zot:5)
  Boris (Depths:3)
  4 Killer Klowns
  Parghit (Depths:4)
  2 curse toes (Zot:4)
  5 golden dragons
  Saint Roka (Vaults:5)
  2 bone dragons (Depths:4)
  An electric golem (Zot:5)
  A Hell Sentinel (D:15)
  24 Orb Guardians
  A lich (Depths:2)
  13 tentacled monstrosities
  4 titans
  A walking earthen tome (Depths:2)
  12 quicksilver dragons
  The ghost of Vomih the Severer, an adept HOFi of Trog (Snake:1)
  8 sphinxes
  2 thorn hunters (Swamp:4)
  9 shadow dragons
  6 death cobs
  2 azure jellies (IceCv)
  13 storm dragons
  5 draconian knights
  6 tengu reavers
  A nagaraja (Snake:3)
  11 frost giants
  2 protean progenitors (Zot:4)
  5 draconian monks
  5 draconian scorchers
  6 draconian shifters
  2 ghost moths (Zot:4)
  15 fire giants
  2 deep elf sorcerers (Vaults:5)
  17 vault wardens
  2 iron dragons
  2 draconian stormcallers
  3 orc warlords
  A demonspawn blood saint (Depths:3)
  3 quicksilver oozes (IceCv)
  5 formless jellyfish
  21 ironbound preservers
  10 green draconians
  2 ghouls (Swamp:3)
  5 spriggan defenders
  A draconian annihilator (Zot:2)
  6 ironbound thunderhulks
  A cacodemon (Depths:3)
  A deep elf demonologist (Vaults:5)
  7 vampire knights
  48 very ugly things
  16 stone giants
  8 black draconians
  A deep elf death mage (Vaults:5)
  3 eleionomae
  A war gargoyle (Vaults:5)
  8 white draconians
  2 bunyips
  13 red draconians
  6 yellow draconians
  A lorocyproca (Depths:3)
  10 dire elephants
  24 purple draconians
  20 spark wasps
  12 ettins
  3 crystal guardians
  3 jiangshi (Depths:3)
  2 deep elf high priests (Vaults:5)
  A blizzard demon (Depths:3)
  2 shambling mangroves
  9 fire dragons
  5 entropy weavers
  The ghost of Radamante the Blocker, a journeyman MiFi (D:12)
  29 vault guards
  12 yaktaur captains
  A hell beast (D:12)
  Fannar (D:11)
  12 ice dragons
  4 ghost crabs
  13 hydras
  6 spriggan air magi
  9 great orbs of eyes
  3 ogre magi (Orc:2)
  8 ironbound frosthearts
  8 alligators
  A rakshasa (Depths:3)
  18 anacondas
  2 catoblepae
  11 centaur warriors
  9 naga warriors
  6 tengu warriors
  13 two-headed ogres
  7 vampire magi
  A hell hog (Depths:1)
  3 deep troll earth magi
  6 boulder beetles
  7 deep troll shamans
  16 death yaks
  11 hell knights
  14 naga sharpshooters
  5 orc high priests
  9 shock serpents
  8 spriggan berserkers
  10 spriggans
  5 soul eaters
  A sixfirhy (D:15)
  A death drake (shapeshifter) (D:14)
  A shadow wraith (Vaults:5)
  3 sun demons
  5 iron trolls
  41 deep trolls
  6 salamander mystics
  2 skysharks
  9 swamp dragons
  8 goliath frogs
  11 mana vipers
  6 naga ritualists
  6 spark wasp zombies (Depths:3)
  6 arcanists
  8 spriggan druids
  2 glowing orange brains
  14 lindwurms
  11 bog bodies
  11 flayed ghosts
  11 orc knights
  6 deep elf pyromancers
  3 phantasmal warriors (Depths:3)
  25 ironbound convokers
  2 necromancers (Depths:2)
  A wolf spider (D:13)
  2 orc sorcerers
  37 ugly things
  6 will-o-the-wisps
  Maurice (D:8)
  A frost giant zombie (Depths:2)
  A shining eye (shapeshifter) (Depths:3)
  4 cyclopes
  27 moths of wrath
  18 salamanders
  9 guardian serpents
  2 rust devils
  35 black mambas
  6 elephants (Lair:5)
  8 smoke demons
  3 ice statues (IceCv)
  A torpor snail (Lair:4)
  12 vault sentinels
  7 spectral spriggans (Swamp:3)
  2 gargoyles (D:12)
  A hellion (Depths:3)
  21 cane toads
  15 naga magi
  5 rime drakes
  3 kobold demonologists
  6 komodo dragons
  4 orange demons
  7 freezing wraiths
  27 yaktaurs
  3 efreet
  2 ice devils (D:15)
  Psyche (D:9)
  2 hellwings
  6 tyrant leeches
  9 polar bears
  4 bloated husks
  10 trolls
  18 hornets
  17 blink frogs
  A glass eye (shapeshifter) (Depths:4)
  Prince Ribbit (D:6)
  A jumping spider (shapeshifter) (Vaults:4)
  4 spriggan zombies
  57 slime creatures
  5 dream sheep (Lair:4)
  A shadow (D:9)
  A centaur simulacrum (D:15)
  2 ynoxinuls (D:15)
  52 yaks
  2 wraiths (D:12)
  7 wyverns
  A culicivora (Vaults:2)
  A nameless horror (D:15)
  A vampire (D:11)
  A golden eye (D:8)
  2 wargs
  Grum (Lair:1)
  9 redbacks
  25 vampire mosquitoes
  8 basilisks
  18 swamp worms
  38 nagas
  An acid dragon (D:11)
  14 water moccasins
  A human zombie (Depths:2)
  A water moccasin (shapeshifter) (D:13)
  7 hell hounds
  4 great orb of eyes simulacra (IceCv)
  A sky beast (D:8)
  3 black bears
  3 ice beasts
  6 swamp drakes
  31 orc warriors
  An ogre (shapeshifter) (D:14)
  20 ogres
  16 boggarts
  3 laughing skulls (D:15)
  26 wolves
  7 centaurs
  3 slime creature simulacra (IceCv)
  A phantom (D:4)
  2 kobold brigands
  A gnoll sergeant (D:8)
  20 bullfrogs
  2 glowing shapeshifter simulacra (IceCv)
  4 scorpions (D:5)
  An elephant simulacrum (Lair:1)
  9 killer bees
  3 jellies
  4 howler monkeys
  7 electric eels
  4 crimson imps (Depths:1)
  A bombardier beetle (D:5)
  5 hounds
  11 orc priests
  2 gnoll boudas
  16 orc wizards
  2 iguanas
  A shapeshifter simulacrum (IceCv)
  6 adders
  19 gnolls
  A shadow imp (D:7)
  3 white imps
  2 ufetubi (D:7)
  4 dart slugs
  A ribbon worm (D:5)
  72 orcs
  10 endoplasms
  2 giant cockroaches (D:2)
  17 goblins
  12 hobgoblins
  3 jackals (D:4)
  4 quokkas
  9 ball pythons
  7 bats
  3 frilled lizards
  18 kobolds
  5 rats
1959 creatures vanquished.

Vanquished Creatures (collateral kills)
  An ancient lich (Vaults:5)
  A lich (D:15)
  5 quicksilver dragons (Zot:2)
  A titan (Vaults:5)
  Roxanne (Swamp:3)
  A draconian scorcher (Zot:2)
  A ghoul (Swamp:3)
  A bunyip (Swamp:4)
  A purple draconian (Zot:2)
  A war gargoyle (Vaults:2)
  An eleionoma (Swamp:2)
  2 ettins
  A crystal guardian (Vaults:4)
  2 hydras (Swamp:4)
  3 peacekeepers
  2 alligators
  A two-headed ogre (Orc:2)
  A centaur warrior (D:14)
  A death yak (Lair:5)
  A goliath frog (Swamp:1)
  A sixfirhy (Depths:3)
  A glowing orange brain (shapeshifter) (Depths:4)
  3 mana vipers (Snake:1)
  A swamp dragon (Swamp:4)
  3 bog bodies (Swamp:3)
  A necromancer (Depths:2)
  An ugly thing (D:14)
  3 will-o-the-wisps
  A salamander (Snake:3)
  A manticore (D:14)
  3 rust devils
  A smoke demon (D:15)
  2 naga magi (Snake:3)
  2 spectral spriggans (Swamp:3)
  A tengu conjurer (D:15)
  A freezing wraith (Swamp:3)
  A hornet (Swamp:4)
  A tyrant leech (Swamp:4)
  A ynoxinul (D:15)
  2 spriggans
  A vampire (D:14)
  A chaos spawn (D:15)
  3 vampire mosquitoes
  2 swamp worms
  5 swamp drakes
  An orc warrior (Orc:1)
  A laughing skull (D:15)
  An ogre (Orc:2)
  3 orcs
78 creatures vanquished.

Vanquished Creatures (others)
  An eleionoma (Swamp:3)
  A purple draconian (Zot:2)
  An ironbound convoker (Vaults:2)
  7 bloated husks
  2 dancing weapons
  A swamp drake (Swamp:1)
  An orc (Vaults:5)
  18 foxfires
  12 spectral weapons
44 creatures vanquished.

Grand Total: 2081 creatures vanquished

Notes
Turn   | Place    | Note
-------+----------+-------------------------------------------
     0 | D:1      | ww7 the Hill Orc Enchanter began the quest for the Orb.
     0 | D:1      | Reached XP level 1. HP: 14/14 MP: 3/3
     2 | D:1      | Noticed a barachi
     4 | D:1      | Noticed an oni
     6 | D:1      | Noticed a troll
     8 | D:1      | Noticed a gargoyle
    10 | D:1      | Noticed a demigod
    10 | D:1      | Noticed a ghoul
    12 | D:1      | Noticed a vine stalker
    12 | D:1      | Noticed a naga
    14 | D:1      | Noticed a draconian
    14 | D:1      | Noticed a vampire
    16 | D:1      | Noticed a djinni
    16 | D:1      | Noticed a human
    18 | D:1      | Noticed a tengu
    18 | D:1      | Noticed a demonspawn
    20 | D:1      | Noticed a felid
    20 | D:1      | Noticed a formicid
    22 | D:1      | Noticed a minotaur
    22 | D:1      | Noticed an armataur
    24 | D:1      | Noticed an octopode
    24 | D:1      | Noticed a spriggan
    26 | D:1      | Noticed a merfolk
    26 | D:1      | Noticed an elf
   322 | D:1      | Reached XP level 2. HP: 22/22 MP: 4/4
   341 | D:1      | Learned a level 2 spell: Ensorcelled Hibernation
   437 | D:1      | Found a faded altar of an unknown god.
   491 | D:1      | Reached skill level 1 in Fighting
   913 | D:2      | Reached XP level 3. HP: 28/28 MP: 5/5
   995 | D:2      | Found a shimmering blue altar of Sif Muna.
  1978 | D:3      | Reached XP level 4. HP: 35/35 MP: 6/6
  2606 | D:3      | Found an iron altar of Okawaru.
  2706 | D:3      | You fall into a shaft and drop 2 floors!
  2706 | D:5      | Entered Level 5 of the Dungeon
  2709 | D:5      | Noticed a scorpion
  2739 | D:5      | Killed a scorpion
  2740 | D:5      | Reached XP level 5. HP: 29/41 MP: 0/7
  2814 | D:5      | Found Etzyiroa's Distillery.
  3018 | D:5      | Paralysed by a gnoll for 4 turns
  3030 | D:5      | Reached XP level 6. HP: 46/50 MP: 5/8
  3143 | D:5      | Bought a potion of degeneration for 14 gold pieces
  3248 | D:5      | Found a transporter.
  3272 | D:5      | Found Ilimpu's Magic Scroll Emporium.
  3315 | D:5      | Noticed an ice beast
  3369 | D:5      | Learned a level 3 spell: Confusing Touch
  3373 | D:5      | Learned a level 3 spell: Tukima's Dance
  3394 | D:5      | Bought a scroll of identify for 28 gold pieces
  3394 | D:5      | Bought a scroll of identify for 28 gold pieces
  3394 | D:5      | Bought a scroll of identify for 28 gold pieces
  3394 | D:5      | Bought a scroll of identify for 28 gold pieces
  3583 | D:4      | Identified the +4 ring mail of the Kappa {rC+ Int+7}
  4238 | D:4      | Reached skill level 5 in Hexes
  4238 | D:4      | Reached XP level 7. HP: 54/57 MP: 2/9
  4445 | D:3      | Found Fimmy's Jewellery Boutique.
  4906 | D:4      | Reached skill level 1 in Armour
  4906 | D:4      | Reached skill level 1 in Evocations
  5025 | D:5      | Found Amaschilo's Distillery.
  5122 | D:5      | Bought a potion of heal wounds for 65 gold pieces
  5122 | D:5      | Bought a potion of heal wounds for 65 gold pieces
  5193 | D:5      | Noticed ElricMelnibone's ghost (novice HOCK)
  5195 | D:5      | Found a transporter.
  5336 | D:5      | Reached XP level 8. HP: 63/63 MP: 5/10
  5336 | D:5      | Reached skill level 5 in Short Blades
  5336 | D:5      | Reached skill level 5 in Armour
  5336 | D:5      | Reached XP level 9. HP: 75/75 MP: 5/11
  5714 | D:6      | Noticed Prince Ribbit
  5733 | D:6      | Killed Prince Ribbit
  5734 | D:6      | Reached skill level 5 in Evocations
  6231 | D:7      | Found a staircase to the Ecumenical Temple.
  6294 | Temple   | Entered the Ecumenical Temple
  6313 | Temple   | Became a worshipper of Uskayaw the Reveller
  6356 | D:7      | Reached * piety under Uskayaw
  6737 | D:7      | Reached ** piety under Uskayaw
  6741 | D:7      | Reached *** piety under Uskayaw
  6745 | D:7      | Reached **** piety under Uskayaw
  6752 | D:7      | Reached skill level 1 in Ice Magic
  6752 | D:7      | Reached skill level 1 in Invocations
  6950 | D:7      | Noticed a hornet
  6957 | D:7      | Killed a hornet
  7272 | D:8      | Reached skill level 2 in Invocations
  7326 | D:8      | Reached XP level 10. HP: 83/83 MP: 12/12
  7490 | D:8      | Reached ***** piety under Uskayaw
  7548 | D:8      | Noticed Maurice
  7555 | D:8      | Killed Maurice
  7565 | D:8      | Reached skill level 3 in Invocations
  7739 | D:8      | Got the Precepts of Pollution and Soot
  8039 | D:9      | Found a flagged portal.
  8070 | Bailey   | Entered a bailey
  8196 | Bailey   | Acquired 1066 gold pieces
  8262 | Bailey   | Noticed an orc knight
  8290 | Bailey   | Killed an orc knight
  8330 | Bailey   | Noticed an orc knight
  8373 | Bailey   | Reached skill level 4 in Invocations
  8433 | Bailey   | Identified the +0 scale mail "Gyleh" {+Inv}
  8450 | Bailey   | Identified the +8 rapier of the Orcish Mines {venom, Str-5
                  | Dex+5}
  8450 | Bailey   | Noticed an orc knight
  8458 | Bailey   | Found an iron altar of Okawaru.
  8461 | Bailey   | Noticed a kobold demonologist
  8470 | Bailey   | Killed a kobold demonologist
  8472 | Bailey   | Noticed a kobold demonologist
  8475 | Bailey   | Killed an orc knight
  8476 | Bailey   | Reached XP level 11. HP: 89/89 MP: 11/14
  8631 | D:9      | Reached ****** piety under Uskayaw
  8637 | D:9      | Reached skill level 5 in Invocations
  9113 | D:9      | Noticed Psyche
  9121 | D:9      | Killed Psyche
  9313 | D:9      | Found a staircase to the Lair.
  9419 | D:9      | Noticed a two-headed ogre
  9435 | D:9      | Killed a two-headed ogre
  9570 | D:10     | Entered Level 10 of the Dungeon
  9874 | D:10     | Reached skill level 6 in Invocations
 10698 | D:10     | Noticed a two-headed ogre
 10723 | D:10     | Killed a two-headed ogre
 11067 | D:11     | Learned a level 3 spell: Ozocubu's Armour
 11167 | D:11     | Noticed a boulder beetle
 11179 | D:11     | Killed a boulder beetle
 11180 | D:11     | Reached XP level 12. HP: 96/96 MP: 11/17
 11250 | D:11     | Reached skill level 7 in Invocations
 11263 | D:11     | Noticed Fannar
 11287 | D:11     | Killed Fannar
 11288 | D:11     | Reached skill level 5 in Ice Magic
 11400 | D:11     | Found a staircase to the Orcish Mines.
 11402 | D:11     | Found Kyxywug's Weapon Shop.
 11818 | D:11     | Found a runed translucent gate.
 11818 | D:11     | Found a runed translucent gate.
 11818 | D:11     | Found a runed translucent gate.
 11821 | D:11     | Noticed Radamante's ghost (journeyman MiFi)
 12280 | D:12     | Noticed a boulder beetle
 12288 | D:12     | Killed a boulder beetle
 12566 | D:12     | Reached skill level 8 in Invocations
 12592 | D:12     | Noticed a two-headed ogre
 12631 | D:12     | Killed a two-headed ogre
 12974 | D:12     | Reached skill level 10 in Hexes
 13196 | D:12     | Found a runed translucent door.
 13197 | D:12     | Noticed Radamante's ghost (journeyman MiFi)
 13348 | Lair:1   | Entered Level 1 of the Lair of Beasts
 13369 | Lair:1   | Acquired 675 gold pieces
 13377 | Lair:1   | Noticed Grum
 13401 | Lair:1   | Killed Grum
 13450 | Lair:1   | Reached skill level 9 in Invocations
 13515 | Lair:1   | Found a runed translucent door.
 13515 | Lair:1   | Found a shimmering altar of Xom.
 13515 | Lair:1   | Noticed Biscolet's ghost (journeyman FoHu)
 13518 | Lair:1   | Noticed a +0 rapier of chaos
 13535 | Lair:1   | Noticed a catoblepas
 13559 | Lair:1   | Killed a catoblepas
 13560 | Lair:1   | Reached XP level 13. HP: 64/102 MP: 19/19
 13801 | Lair:1   | Identified the +8 short sword of Dust {spect, Dex+5}
 13820 | Lair:1   | Found a frozen archway.
 13835 | IceCv    | Entered an ice cave
 13973 | IceCv    | Noticed a quicksilver ooze
 14001 | IceCv    | Killed a quicksilver ooze
 14561 | IceCv    | Noticed a quicksilver ooze
 14605 | IceCv    | Noticed a quicksilver ooze
 14618 | IceCv    | Killed a quicksilver ooze
 14822 | IceCv    | Killed a quicksilver ooze
 15092 | IceCv    | Noticed an azure jelly
 15093 | IceCv    | Noticed an azure jelly
 15119 | IceCv    | Killed an azure jelly
 15120 | IceCv    | Reached skill level 10 in Invocations
 15191 | IceCv    | Killed an azure jelly
 15192 | IceCv    | Reached skill level 10 in Short Blades
 15213 | IceCv    | Found a viscous altar of Jiyva.
 15234 | IceCv    | Identified the amulet "Jyhuivvu" {Faith ^Drain rPois rN++
                  | Int+2}
 15342 | Lair:1   | You fall into a shaft and drop 1 floor!
 15981 | Lair:2   | Reached skill level 10 in Stealth
 16454 | Lair:2   | Reached XP level 14. HP: 80/110 MP: 19/22
 16637 | Lair:2   | Found a staircase to the Swamp.
 16643 | Lair:2   | Reached skill level 11 in Invocations
 16926 | Lair:2   | Identified the +12 sling of Blood-Lust {freeze, rF+ Int-3
                  | Dex+3}
 17148 | Lair:2   | Learned a level 5 spell: Summon Mana Viper
 17199 | Lair:3   | Found a staircase to the Snake Pit.
 17376 | Lair:3   | Reached skill level 1 in Summonings
 17743 | Lair:3   | Found a blossoming altar of Fedhas.
 19184 | Lair:4   | Found a staircase to the Slime Pits.
 19383 | Lair:5   | Entered Level 5 of the Lair of Beasts
 19402 | Lair:5   | Reached skill level 12 in Invocations
 19911 | Lair:5   | Reached XP level 15. HP: 85/115 MP: 21/24
 20109 | Lair:5   | Found a shadowy altar of Dithmenos.
 20372 | Lair:5   | Reached skill level 5 in Summonings
 20568 | Lair:5   | Reached skill level 13 in Invocations
 21673 | D:3      | Bought the ring of Naydyci {Wiz rC+ Will+} for 595 gold
                  | pieces
 21788 | D:5      | Bought a potion of mutation for 104 gold pieces
 21788 | D:5      | Bought a potion of brilliance for 52 gold pieces
 21788 | D:5      | Bought a potion of magic for 104 gold pieces
 21788 | D:5      | Bought a potion of brilliance for 52 gold pieces
 21788 | D:5      | Bought a potion of mutation for 104 gold pieces
 21788 | D:5      | Bought a potion of curing for 39 gold pieces
 21832 | D:5      | Bought a potion of cancellation for 112 gold pieces
 21832 | D:5      | Bought 2 potions of heal wounds for 140 gold pieces
 21832 | D:5      | Bought a potion of haste for 140 gold pieces
 21832 | D:5      | Bought a potion of enlightenment for 70 gold pieces
 21832 | D:5      | Bought a potion of cancellation for 112 gold pieces
 21832 | D:5      | Bought a potion of attraction for 42 gold pieces
 21832 | D:5      | Bought a potion of curing for 42 gold pieces
 21832 | D:5      | Bought a potion of invisibility for 112 gold pieces
 21857 | D:5      | Bought a scroll of revelation for 105 gold pieces
 21857 | D:5      | Bought a scroll of fear for 56 gold pieces
 21857 | D:5      | Bought a scroll of fog for 56 gold pieces
 21857 | D:5      | Bought a scroll of immolation for 56 gold pieces
 21966 | Orc:1    | Entered Level 1 of the Orcish Mines
 22237 | Orc:2    | Entered Level 2 of the Orcish Mines
 22369 | Orc:2    | Found a staircase to the Elven Halls.
 22985 | Orc:2    | Found Plog's Weapon Shoppe.
 22991 | Orc:2    | Found Bufen's Magic Scroll Emporium.
 23000 | Orc:2    | Found Quwkym Puot's Distillery.
 23320 | Orc:2    | Found Runlud's General Store.
 23366 | Orc:2    | Bought a potion of curing for 36 gold pieces
 23366 | Orc:2    | Bought a potion of curing for 36 gold pieces
 23366 | Orc:2    | Bought a potion of cancellation for 96 gold pieces
 23366 | Orc:2    | Bought a potion of curing for 36 gold pieces
 23366 | Orc:2    | Bought a potion of heal wounds for 60 gold pieces
 23366 | Orc:2    | Bought a potion of magic for 96 gold pieces
 23366 | Orc:2    | Bought a potion of heal wounds for 60 gold pieces
 23366 | Orc:2    | Bought a potion of might for 48 gold pieces
 23366 | Orc:2    | Bought a potion of enlightenment for 60 gold pieces
 23366 | Orc:2    | Bought a potion of haste for 120 gold pieces
 23371 | Orc:2    | Bought a potion of ambrosia for 88 gold pieces
 23371 | Orc:2    | Bought a scroll of teleportation for 33 gold pieces
 23371 | Orc:2    | Bought a scroll of teleportation for 33 gold pieces
 23486 | Orc:2    | Found Fask's Vocational Training.
 23671 | Orc:2    | Found Akexke's Assorted Antiques.
 24061 | Orc:2    | Bought a scroll of acquirement for 884 gold pieces
 24061 | Orc:2    | Acquired 679 gold pieces
 24063 | Orc:2    | Bought a scroll of teleportation for 51 gold pieces
 24063 | Orc:2    | Bought a scroll of teleportation for 51 gold pieces
 24063 | Orc:2    | Bought a scroll of teleportation for 51 gold pieces
 24063 | Orc:2    | Bought a scroll of teleportation for 51 gold pieces
 24063 | Orc:2    | Bought a scroll of enchant armour for 127 gold pieces
 24121 | Orc:2    | Bought a potion of mutation for 248 gold pieces
 24121 | Orc:2    | Bought a potion of might for 124 gold pieces
 24210 | D:12     | Learned a level 5 spell: Yara's Violent Unravelling
 24276 | D:12     | Killed Radamante's ghost
 24277 | D:12     | Reached XP level 16. HP: 119/123 MP: 16/26
 24290 | D:12     | Identified the staff of Exifui {rC- rN+ Dex+5 SInv Summ
                  | Necro}
 24598 | D:13     | Reached skill level 14 in Invocations
 25814 | D:14     | Found a white marble altar of Elyvilon.
 25817 | D:14     | Found a glowing golden altar of the Shining One.
 25818 | D:14     | Found a glowing silver altar of Zin.
 26186 | D:14     | Found a gate to the Vaults.
 26518 | D:15     | Entered Level 15 of the Dungeon
 26549 | D:15     | HP: 5/105 [laughing skull/bolt of negative energy (29)]
 28027 | D:15     | Reached skill level 1 in Alchemy
 28069 | D:15     | Found a staircase to the Depths.
 28746 | Swamp:1  | Entered Level 1 of the Swamp
 29228 | Swamp:1  | Reached skill level 15 in Invocations
 30347 | Swamp:2  | Reached XP level 17. HP: 64/128 MP: 16/28
 30769 | Swamp:2  | Found the +8 arc blade {discharge, rElec}
 30771 | Swamp:2  | Noticed a tentacled monstrosity
 30780 | Swamp:2  | Noticed a tentacled monstrosity
 30806 | Swamp:2  | Killed a tentacled monstrosity
 31010 | Swamp:2  | Killed a tentacled monstrosity
 32057 | Swamp:3  | Noticed Roxanne
 32686 | Swamp:3  | Reached skill level 1 in Shields
 32700 | Swamp:4  | Entered Level 4 of the Swamp
 33814 | Swamp:4  | Reached skill level 5 in Shields
 33855 | Swamp:4  | Got a decaying rune of Zot
 34414 | Swamp:3  | Killed Roxanne
 34415 | Swamp:3  | Reached skill level 5 in Dodging
 34568 | Swamp:3  | Reached XP level 18. HP: 121/135 MP: 23/29
 34740 | Swamp:3  | Reached skill level 15 in Hexes
 34768 | Swamp:3  | Learned a level 7 spell: Enfeeble
 35421 | Snake:1  | Entered Level 1 of the Snake Pit
 35614 | Snake:1  | Found a runed translucent door.
 35618 | Snake:1  | Noticed Vomih's ghost (adept HOFi)
 35737 | Snake:1  | Killed Vomih's ghost
 35806 | Snake:1  | Identified the +0 ring mail of the Known World {Harm ^Drain
                  | rCorr SInv}
 35840 | Snake:1  | Reached skill level 16 in Invocations
 35944 | Snake:1  | You fall into a shaft and drop 1 floor!
 37577 | Snake:3  | Identified the +2 ring mail of the Snail {SInv}
 38550 | Snake:4  | Entered Level 4 of the Snake Pit
 39060 | Snake:4  | Reached XP level 19. HP: 144/151 MP: 20/31
 39480 | Snake:4  | Found Tiesooth's Distillery.
 39485 | Snake:4  | Reached skill level 17 in Invocations
 40087 | Snake:4  | Reached skill level 10 in Fighting
 40168 | Snake:4  | Got a serpentine rune of Zot
 40352 | Snake:4  | Acquired the +0 cloak of the Vacuum {Will++ rCorr}
 41172 | Vaults:1 | Entered Level 1 of the Vaults
 41406 | Vaults:1 | Acquired 824 gold pieces
 41633 | Orc:2    | Bought a manual of Invocations for 1040 gold pieces
 41786 | Vaults:1 | Found Woxzyg's Antique Weapon Shop.
 42135 | Vaults:1 | Reached skill level 18 in Invocations
 42205 | Vaults:1 | Reached XP level 20. HP: 77/165 MP: 1/33
 43204 | Vaults:1 | Found the +8 Wrath of Trog {antimagic, *Rage Rampage}
 43917 | Vaults:2 | Found a staircase to the Crypt.
 43917 | Vaults:2 | Found a basalt altar of Yredelemnul.
 43918 | Vaults:2 | Found an ancient bone altar of Kikubaaqudgha.
 44066 | Vaults:2 | Reached skill level 19 in Invocations
 44634 | Vaults:2 | Reached skill level 15 in Stealth
 44861 | Vaults:2 | Paralysed by a formless jellyfish for 1 turns
 45393 | Vaults:2 | Reached skill level 20 in Invocations
 47059 | Vaults:3 | Reached XP level 21. HP: 171/171 MP: 35/35
 47202 | Vaults:3 | Reached skill level 21 in Invocations
 47275 | Vaults:3 | Found Kumunaos's Armour Shoppe.
 48510 | Vaults:4 | Reached skill level 10 in Dodging
 49603 | Vaults:4 | Reached skill level 22 in Invocations
 50374 | Vaults:4 | Paralysed by a formless jellyfish for 1 turns
 50649 | Vaults:5 | Entered Level 5 of the Vaults
 50649 | Vaults:5 | Noticed a golden dragon
 50659 | Vaults:5 | Noticed Saint Roka
 50667 | Vaults:5 | Killed Saint Roka
 51145 | Vaults:5 | Identified the +0 plate armour "Firedd" {rC+ Will++}
 51206 | Vaults:5 | Identified the +6 halberd "Japn" {protect, Will+ Int+5}
 51230 | Vaults:5 | Identified the +10 sling of Yriejopt {freeze, rElec}
 51257 | Vaults:5 | Reached skill level 23 in Invocations
 51300 | Vaults:5 | Identified the +8 glaive of Bloodstone {speed, Int+2}
 51772 | Vaults:5 | Reached XP level 22. HP: 104/179 MP: 19/37
 52341 | Vaults:5 | Noticed a dread lich
 52380 | Vaults:5 | Killed a dread lich
 52689 | Vaults:5 | Noticed a golden dragon
 52715 | Vaults:5 | Killed a golden dragon
 53915 | Vaults:5 | Killed a golden dragon
 53987 | Vaults:5 | Found the +2 pair of slick slippers {slick, slippery, EV+4}
 53991 | Vaults:5 | Identified the staff of Hell's Wrath {*Slow Dex+6 SInv
                  | Conj}
 54076 | Vaults:5 | Identified the +0 robe "Qokkogg" {rC+ Will+ Regen+ Str-5}
 54238 | Vaults:5 | Got a silver rune of Zot
 54606 | Vaults:5 | Learned a level 2 spell: Blink
 54630 | Vaults:5 | Noticed an ancient lich
 54636 | Vaults:5 | Gained mutation: You are clumsy. (Dex -2) [you]
 54885 | Vaults:5 | Reached skill level 24 in Invocations
 55004 | Vaults:5 | Gained mutation: You are vulnerable to cold. (rC-) [you]
 55021 | Vaults:5 | Killed an ancient lich
 55123 | Vaults:5 | Lost mutation: You are clumsy. (Dex -2) [potion of
                  | mutation]
 55123 | Vaults:5 | Lost mutation: You are vulnerable to cold. (rC-) [potion of
                  | mutation]
 55123 | Vaults:5 | Gained mutation: You possess an exceptional clarity of
                  | mind. [potion of mutation]
 55123 | Vaults:5 | Gained mutation: You are clumsy. (Dex -2) [potion of
                  | mutation]
 55123 | Vaults:5 | Gained mutation: Your health recovers twice as slowly from
                  | being drained. [potion of mutation]
 55124 | Vaults:5 | Lost mutation: You are clumsy. (Dex -2) [potion of
                  | mutation]
 55124 | Vaults:5 | Lost mutation: You possess an exceptional clarity of mind.
                  | [potion of mutation]
 55124 | Vaults:5 | Lost mutation: Your health recovers twice as slowly from
                  | being drained. [potion of mutation]
 55124 | Vaults:5 | Gained mutation: Your flesh is heat resistant. (rF+)
                  | [potion of mutation]
 55375 | Depths:1 | Entered Level 1 of the Depths
 55626 | Depths:1 | Gained mutation: Your spells are a little easier to cast,
                  | but a little less powerful. [you]
 55630 | D:15     | Gained mutation: You are clumsy. (Dex -2) [you]
 55640 | D:15     | Lost mutation: Your flesh is heat resistant. (rF+) [you]
 56211 | Depths:1 | Found Cyuwecw's Self-Published Books.
 56217 | Depths:1 | Bought Vehumet's Atlas of Unconjured Destruction for 1476
                  | gold pieces
 56271 | Depths:1 | Found a shimmering altar of Xom.
 56458 | Depths:1 | Found a gateway to Hell.
 56734 | Depths:1 | Reached XP level 23. HP: 185/185 MP: 31/39
 56862 | Depths:1 | Gained mutation: Your magical capacity is low. (-10% MP)
                  | [you]
 57172 | Depths:1 | Reached skill level 5 in Spellcasting
 57323 | Depths:1 | Found a one-way gate to the infinite horrors of the Abyss.
 57517 | Depths:1 | Learned a level 5 spell: Lee's Rapid Deconstruction
 57561 | Depths:2 | Found a one-way gateway to a ziggurat.
 57585 | Depths:2 | Reached skill level 1 in Earth Magic
 57664 | Depths:2 | Found a one-way gate leading to the halls of Pandemonium.
 58345 | Depths:2 | Gained mutation: Your body sometimes deteriorates upon
                  | taking damage. [you]
 58472 | Depths:2 | Noticed a golden dragon
 58501 | Depths:2 | Killed a golden dragon
 58509 | Depths:2 | Reached skill level 5 in Earth Magic
 58730 | Depths:2 | Identified the +0 leather armour of a volcano {Stlth+}
 58737 | Depths:2 | Identified the +2 sling of Disarray {antimagic, Int+2
                  | Dex+3}
 58737 | Depths:2 | Identified the +4 plate armour of Whack-A-Mole {-Cast rElec
                  | rN++ Str+4}
 59206 | Depths:2 | Reached skill level 25 in Invocations
 59902 | Depths:2 | Gained mutation: You occasionally shout uncontrollably at
                  | your foes. [you]
 60181 | Depths:3 | Noticed Boris
 60962 | Depths:3 | Found a stormy altar of Qazlal.
 61115 | Depths:2 | Lost mutation: Your body sometimes deteriorates upon taking
                  | damage. [potion of mutation]
 61115 | Depths:2 | Lost mutation: Your magical capacity is low. (-10% MP)
                  | [potion of mutation]
 61115 | Depths:2 | Gained mutation: Armour fits poorly on your strangely
                  | shaped body. [potion of mutation]
 61115 | Depths:2 | Gained mutation: Your muscles are strong. (Str +4, Int/Dex
                  | -1) [potion of mutation]
 61116 | Depths:2 | Lost mutation: You are clumsy. (Dex -2) [potion of
                  | mutation]
 61116 | Depths:2 | Lost mutation: Your spells are a little easier to cast, but
                  | a little less powerful. [potion of mutation]
 61116 | Depths:2 | Lost mutation: You occasionally shout uncontrollably at
                  | your foes. [potion of mutation]
 61116 | Depths:2 | Gained mutation: You occasionally shout uncontrollably at
                  | your foes. [potion of mutation]
 61116 | Depths:2 | Gained mutation: You are agile. (Dex +4, Str/Int -1)
                  | [potion of mutation]
 61166 | Depths:3 | Reached XP level 24. HP: 154/193 MP: 27/39
 61391 | Depths:3 | Killed Boris
 62972 | Depths:3 | Identified the ring of Joogegh {Fire rPois}
 63374 | Depths:3 | Noticed a dread lich
 63396 | Depths:3 | Killed a dread lich
 63555 | Depths:3 | Got Sacedd's Vademecum on the Dead
 63777 | Depths:3 | Got the Incunable of Enchanting Injury
 63897 | Depths:4 | Entered Level 4 of the Depths
 63928 | Depths:4 | Reached skill level 10 in Shields
 64001 | Depths:4 | Noticed Parghit
 64148 | Depths:4 | Killed Parghit
 64149 | Depths:4 | Reached skill level 10 in Earth Magic
 64385 | Depths:4 | Found a bloodstained altar of Trog.
 65011 | Depths:4 | Found a gate to the Realm of Zot.
 65609 | Depths:4 | Reached XP level 25. HP: 200/200 MP: 31/39
 65739 | Zot:1    | Entered Level 1 of the Realm of Zot
 65831 | Zot:1    | Found a transporter.
 66190 | Zot:2    | Reached skill level 26 in Invocations
 66263 | Zot:2    | Noticed a Killer Klown
 66266 | Zot:2    | Noticed a Killer Klown
 66276 | Zot:2    | Killed a Killer Klown
 66277 | Zot:2    | Killed a Killer Klown
 66488 | Zot:1    | Lost mutation: Your muscles are strong. (Str +4, Int/Dex
                  | -1) [you]
 66768 | Zot:2    | Gained mutation: You sometimes lose your temper in combat.
                  | [you]
 69231 | Zot:4    | Reached XP level 26. HP: 131/206 MP: 12/40
 69647 | Zot:5    | Entered Level 5 of the Realm of Zot
 69868 | Zot:5    | Gained mutation: Your body sometimes deteriorates upon
                  | taking damage. [mutagenic glow]
 69890 | Zot:5    | Gained mutation: You expend magic power (3 MP) to
                  | strengthen your wands. [mutagenic glow]
 69903 | Zot:5    | Gained mutation: You are covered in fur. (AC +1) [mutagenic
                  | glow]
 70321 | Zot:5    | Noticed an orb of fire
 70331 | Zot:5    | Noticed an ancient lich
 70344 | Zot:5    | Killed an ancient lich
 70409 | Zot:5    | Noticed a Killer Klown
 70434 | Zot:5    | Killed a Killer Klown
 70437 | Zot:5    | Killed an orb of fire
 70438 | Zot:5    | Reached skill level 15 in Shields
 70438 | Zot:5    | Noticed a Killer Klown
 70454 | Zot:5    | Killed a Killer Klown
 70556 | Zot:5    | Noticed an orb of fire
 70584 | Zot:5    | Killed an orb of fire
 70885 | Zot:5    | Noticed a dread lich
 70913 | Zot:5    | Killed a dread lich
 70914 | Zot:5    | Reached skill level 27 in Invocations
 71114 | Zot:5    | Reached skill level 15 in Earth Magic
 71364 | Zot:5    | Got the Orb of Zot
 71583 | Depths:4 | Noticed Xualiss the pandemonium lord
 71754 | Depths:3 | Noticed Taczel the pandemonium lord
 71754 | Depths:3 | Killed Taczel the pandemonium lord
 72182 | D:3      | Noticed Bymonaw the pandemonium lord
 72288 | D:$      | Escaped with the Orb!

Illustrated notes

Levels and vault maps discovered:
D:1:      kb_arrival_jail, layout_basic, hellmonk_ecumenical_altar_slurped_away
D:2:      layout_loops_corners, basic_altar, minmay_surrounded
D:3:      layout_basic, okawaru_trees_2, serial_shops,
          nicolae_shop_pleasant_corner_grove
D:4:      layout_basic
D:5:      layout_cave_pools, serial_shops, shop, nicolae_shop_industrial_runoff,
          nicolae_shop_tiny_real_fake_doors, gammafunk_ghost_mausoleum,
          minmay_diced_spiral
D:6:      layout_basic, amcnicky_mini_rare_corridor_liquid, uniq_prince_ribbit1
D:7:      layout_gridville, minmay_temple_entry_tees, kennysheep_nondescript
D:8:      layout_loops_ring, uniq_maurice
D:9:      layout_basic, david_lair_shrubbed, enter_bailey_5, uniq_psyche
D:10:     layout_roguey, hex_intersection
D:11:     layout_roguey, orc_david_3, gammafunk_ghost_spectres, uniq_fannar
D:12:     layout_long_grid, ebering_ghost_reflecting_pool
D:13:     layout_grid_maze, kennysheep_windowed_goal
D:14:     layout_long_grid, skrybe_vaults_entry_preservation, good_gods_temple_1
D:15:     grunt_enter_depths_snipers, layout_cave_pools, serial_demonic,
          serial_demonic_d, serial_demonic_e, serial_demonic_f,
          serial_demonic_a, serial_demonic_a, serial_demonic_g,
          hangedman_decor_slide_cut
Temple:   compressed_dpeg_triangle_lava_temple
Lair:1:   layout_gridlike, ebering_ghost_xom, enter_volcano_3,
          portal_ice_cave_entry_ice_simulacra, gammafunk_lair_bear_cave,
          lemuel_fruit_tree, uniq_grum
Lair:2:   layout_big_grid, mainiacjoe_swamp_entry_angry_trees,
          serial_bayou_shore_a, grunt_megastairs_3
Lair:3:   layout_regular_city, guppyfry_snake_entry_island, tgw_fedhas
Lair:4:   layout_gridlike, slime_entry_1, pdpol_lair_cavern_descent
Lair:5:   minmay_lair_end_frog_pond, layout_regular_city, basic_altar,
          minivault_26, chequers_serial_rivers_micro_c,
          chequers_serial_rivers_micro_e
Swamp:1:  nicolae_swamp_ascending_descending, layout_basic_swamp,
          hangedman_swamp_ruin_wall
Swamp:2:  nzn_winding_woodlands_three_and_one [nzn_winding_woodlands_5x15_eye,
          nzn_winding_woodlands_5x15_sawtooth,
          nzn_winding_woodlands_5x15_default,
          nzn_winding_woodlands_center_diamonds], layout_basic_swamp,
          evilmike_swamp_ruin_house_1, roderic_carrion_pond,
          nicolae_swamp_wisp_ring_woods
Swamp:3:  nicolae_swamp_flooded_prison, layout_falls_marsh,
          infiniplex_staircase_pool, uniq_roxanne
Swamp:4:  swamp_alternative, layout_basic_swamp, nicolae_swamp_tree_isthmus
Snake:1:  layout_misc_corridors, ebering_ghost_inner_flame
Snake:2:  layout_misc_corridors, nicolae_snake_gridmaze_big_u
Snake:3:  layout_cave_town, hangedman_snake_corridor_split
Snake:4:  snake_pit_salamanders_mu, layout_misc_corridors, serial_shops,
          nicolae_diamond_shop
Orc:1:    layout_diamond_mine
Orc:2:    st_orc_open, layout_caves, serial_shops, shop, nicolae_shop_vocational
Vaults:1: nicolae_vaults_tetromino_T_1, nicolae_vaults_storage_room_doors,
          vaults_mumra_minichess_inversion, nicolae_vaults_more_shelving_2,
          serial_ice_h, nicolae_vaults_tetromino_T_2, vaults_room_door_hall,
          vaults_room_large_hall, v_misc_12, vaults_mumra_minichess,
          nicolae_vaults_house_2, vaults_dpeg_encased_lava,
          layout_vaults_omnigrid, serial_shops, nicolae_shop_trees
Vaults:2: minmay_crypt_entry_necro_gods, nicolae_vaults_network_barrier,
          nicolae_vaults_border_crossing, nicolae_vaults_doubleplus_tesselated,
          hangedman_vaults_slice, nicolae_vaults_sesquioval_fish,
          ontoclasm_vaults_ligature, nicolae_vaults_two_Ls,
          nicolae_vaults_cornered_office, nicolae_vaults_trapezoid_2,
          nicolae_vaults_tetromino_L_1, v_alt_pattern_3, layout_vaults_ring
Vaults:3: nicolae_vaults_wrenched, v_misc_13, nicolae_vaults_network_quinsquares
          [nicolae_vaults_network_quincunx_subvault,
          nicolae_vaults_network_quincunx_subvault,
          nicolae_vaults_network_quincunx_subvault,
          nicolae_vaults_network_quincunx_subvault],
          ontoclasm_vaults_loading_screen, nicolae_vaults_tetromino_L_1,
          vaults_standard_mumra_lines, nicolae_vaults_storage_closets_3,
          vaults_standard_mumra_enter_the_diamond,
          nicolae_vaults_mini_display_case, nicolae_vaults_house_1,
          layout_vaults_big_room, serial_shops, nicolae_shop_hallway_plus
Vaults:4: nicolae_vaults_offset_grid_hallway_1,
          nicolae_vaults_closet_pinwheel_2, v_misc_9, vaults_room_fancy_cross,
          vaults_room_semicircle, nicolae_vaults_stairing_the_circle,
          vaults_room_hallway, vaults_room_corners, vaults_mumra_hexcomb,
          v_pattern_4, layout_vaults_omnicross
Vaults:5: serial_shops, uniq_saint_roka
Depths:1: layout_long_grid, grunt_decor_fettered, abyss_entry, hellmouth_3,
          chequers_serial_rivers_room_a, nicolae_custom_books,
          minmay_misc_feat_cross, grunt_ministairs_9, minmay_misc_feat_room,
          led_xom_imps
Depths:2: grunt_runaround [grunt_runaround_loot, grunt_runaround_doors_1,
          grunt_runaround_doors_2, grunt_runaround_doors_3,
          grunt_runaround_doors_4], serial_shops, hell_entry, pan_entry
Depths:3: bobbens_index_wilting_gardens, layout_honeycomb,
          infiniplex_enter_wizlab_spiral, minmay_misc_feat_nine_boxes,
          abyss_entry, hell_entry, nicolae_qazlal_scattered_showers, uniq_boris
Depths:4: grunt_zot_entry_tricorne, layout_gridville, pf_coc_iceberg,
          bloody_trog, uniq_parghit
Zot:1:    gammafunk_dig_for_victory, layout_basic, regret_index_zotdec_zees
Zot:2:    cheibrodos_zot_enchanting_chambers, layout_twisted_circle
Zot:3:    dreamdust_zin_vs_xom, layout_gridlike, bh_zot_ikea_curve
Zot:4:    layout_onion_interference
Zot:5:    layout_cathedral_of_symmetry, st_stairs_2, grunt_ministairs_4

Skill      XL: |  1  2  3  4  5  6  7  8  9 10 11 12 13 14 15 16 17 18 19 20 21 22 23 24 25 26 |
---------------+-------------------------------------------------------------------------------+-----
Fighting       | 1 2 3 6 9 11 | 11.3
Stealth        | 3 4 6 7 8 9 10 11 12 13 14 15 16 17 18 19 | 19.8
Hexes          | 4 5 7 8 9 10 11 12 13 14 15 16 17 18 19 | 19.2
Short Blades   | 2 3 5 6 7 8 9 10 11 12 14 | 14.0
Armour         | 2 5 6 |  6.0
Evocations     | 2 4 5 |  5.0
Throwing       | 3 |  3.9
Dodging        | 3 4 5 6 8 9 10 12 | 12.3
Ice Magic      | 1 3 4 6 7 |  7.8
Invocations    | 2 4 6 9 10 12 13 15 16 18 20 23 24 25 26 27 | 27.0
Summonings     | 4 6 7 |  7.5
Spellcasting   | 3 4 5 |  5.5
Alchemy        | 2 3 |  3.2
Shields        | 5 7 11 14 16 | 16.5
Earth Magic    | 7 10 13 15 | 15.6

Action                     |  1- 3 |  4- 6 |  7- 9 | 10-12 | 13-15 | 16-18 | 19-21 | 22-24 | 25-27 || total
---------------------------+-------+-------+-------+-------+-------+-------+-------+-------+-------++-------
  Melee: Dagger            |   102 |   110 |   196 |   116 |       |       |       |       |       ||   524
         Punch             |     3 |       |     3 |     4 |    15 |     6 |       |       |       ||    31
         Rapier            |       |       |       |   302 |    12 |   330 |   749 |  1080 |   824 ||  3297
         Short sword       |       |       |       |       |   826 |   618 |   149 |   223 |    24 ||  1840
  Throw: Stone             |     2 |       |       |       |       |       |       |       |       ||     2
         Javelin           |     1 |     3 |       |     2 |     7 |       |       |       |       ||    13
         Throwing net      |       |       |       |     2 |       |       |       |     1 |     4 ||     7
         Dart              |       |       |       |       |       |       |     1 |       |    19 ||    20
   Cast: Ensorcelled Hiber |    10 |    34 |    36 |    82 |   175 |   186 |   178 |   101 |    63 ||   865
         Confusing Touch   |       |       |     4 |    13 |     9 |    11 |     3 |    11 |       ||    51
         Tukima's Dance    |       |       |     1 |    13 |       |       |       |       |       ||    14
         Ozocubu's Armour  |       |       |       |     1 |     6 |     2 |     3 |     4 |     2 ||    18
         Summon Mana Viper |       |       |       |       |     8 |   128 |    18 |    23 |     5 ||   182
         Enfeeble          |       |       |       |       |       |    10 |   120 |   231 |   104 ||   465
         Yara's Violent Un |       |       |       |       |       |       |     5 |    23 |     8 ||    36
         Lee's Rapid Decon |       |       |       |       |       |       |       |     4 |    12 ||    16
         Blink             |       |       |       |       |       |       |       |     2 |       ||     2
 Invoke: Grand Finale      |       |       |       |       |     2 |       |       |       |     3 ||     5
         Stomp             |       |       |       |       |     7 |     6 |     3 |    15 |    19 ||    50
         Line Pass         |       |       |       |       |       |       |     1 |     2 |     8 ||    11
  Evoke: Wand              |       |     2 |       |     9 |    34 |    17 |     6 |    12 |    12 ||    92
         Condenser vane    |       |       |       |       |       |     1 |     2 |     1 |     1 ||     5
         Box of beasts     |       |       |       |       |       |       |       |     2 |       ||     2
         Lightning rod     |       |       |       |       |       |       |       |     8 |     7 ||    15
         Phial of floods   |       |       |       |       |       |       |       |     1 |     2 ||     3
    Use: Scroll            |       |     9 |     5 |     8 |    11 |    18 |     9 |     8 |    18 ||    86
         Potion            |       |       |     1 |       |     1 |     8 |    10 |     6 |    13 ||    39
   Stab: Sleeping          |    17 |    25 |    24 |    59 |   113 |   133 |   127 |    72 |    39 ||   609
         Distracted        |       |     1 |       |     2 |    25 |    24 |     7 |    16 |     1 ||    76
         Confused          |       |       |     5 |    17 |    15 |     2 |     2 |    16 |    10 ||    67
         Paralysed         |       |       |     1 |    18 |    48 |    42 |    93 |    98 |    66 ||   366
         Held in net/web   |       |       |       |     1 |       |       |       |     1 |     1 ||     3
         Invisible         |       |       |       |       |     8 |    10 |    97 |   162 |    56 ||   333
 Armour: Robe              |    42 |    39 |       |       |       |       |       |       |       ||    81
         Ring mail         |       |    22 |   118 |   188 |   332 |   149 |       |       |       ||   809
         Troll leather arm |       |       |       |       |       |   596 |   704 |   910 |   664 ||  2874
  Dodge: Dodged            |    52 |    58 |   108 |   228 |   401 |   463 |   311 |   448 |   367 ||  2436
  Block: Other             |       |       |       |       |   105 |    54 |       |       |       ||   159
         Reflection        |       |       |       |       |     2 |     8 |       |       |       ||    10
         Buckler           |       |       |       |       |       |   150 |   203 |   114 |       ||   467
         Kite shield       |       |       |       |       |       |       |       |   271 |   488 ||   759
